| TOP OF THE 1ST |
|
Bluefield Blue Jays batting - Pitching for Cleveland (APP) Indians : RHP Jesus Montana
|
|
Pitching: RHP Jesus Montana
|
|
|
Batting: RHB John Hering
|
0-0: Foul Ball, location: 2F 0-1: DOUBLE (Line Drive, 78D, EV 105.0 MPH)
|
|
Batting: RHB Stephen Casteel
|
0-0: Ball John Hering steals 3rd base 1-0: Ball 2-0: Ball 3-0: Called Strike 3-1: Called Strike 3-2: Foul Ball, location: 2F 3-2: Foul Ball, location: 2F 3-2: Ground out 1-3 (Groundball, 13S, EV 70.6 MPH)
|
|
Batting: RHB Bill Murray
|
0-0: Called Strike 0-1: Ball 1-1: Ball 2-1: Ball 3-1: Foul Ball, location: 2F 3-2: Foul Ball, location: 2F 3-2: SINGLE (Groundball, 6D, EV 96.2 MPH) John Hering scores
|
|
Batting: LHB Eric Toney
|
0-0: Ball Bill Murray is caught stealing 2nd base 2-6 1-0: Ball 2-0: Called Strike 2-1: Foul Ball, location: 2F 2-2: Strikes out swinging
|
| Top of the 1st over - 1 run, 2 hits, 0 errors, 0 left on base; Bluefield 1 - Cleveland (APP) 0 |
| BOTTOM OF THE 1ST |
|
Cleveland (APP) Indians batting - Pitching for Bluefield Blue Jays : LHP Nick Burnstein
|
|
Pitching: LHP Nick Burnstein
|
|
|
Batting: RHB John Clark
|
0-0: Ball 1-0: Called Strike 1-1: Called Strike 1-2: Foul Ball, location: 2F 1-2: Ball 2-2: Ground out 5-3 (Groundball, 5S, EV 90.6 MPH)
|
|
Batting: RHB Carlos Manriquez
|
0-0: Called Strike 0-1: Swinging Strike 0-2: Strikes out looking
|
|
Batting: RHB Bill Ortiz
|
0-0: Ball 1-0: Ball 2-0: Foul Ball, location: 2F 2-1: Called Strike 2-2: Ball 3-2: Strikes out swinging
|
| Bottom of the 1st over - 0 runs, 0 hits, 0 errors, 0 left on base; Bluefield 1 - Cleveland (APP) 0 |
| TOP OF THE 2ND |
|
Bluefield Blue Jays batting - Pitching for Cleveland (APP) Indians : RHP Jesus Montana
|
|
Batting: LHB Kurt Estep
|
0-0: SINGLE (Line Drive, 9S, EV 98.8 MPH)
|
|
Batting: SHB Dominik Hasek II
|
0-0: Foul Ball, location: 2F 0-1: Ball Kurt Estep steals 2nd base 1-1: Fly out, F8 (Flyball, 8LS, EV 86.2 MPH)
|
|
Batting: RHB Dan Muns
|
0-0: Ball 1-0: Ball Wild Pitch! Kurt Estep to third 2-0: Ball 3-0: Called Strike 3-1: Called Strike 3-2: Base on Balls
|
|
Batting: RHB Mike Johnson
|
0-0: Called Strike 0-1: Foul Ball, location: 2F 0-2: Ball 1-2: Fly out, F3 (Popup, 3SF, EV 81.9 MPH)
|
|
Batting: RHB Shunsuke Shiba Inu
|
0-0: Called Strike 0-1: Fly out, F9 (Flyball, 9LS, EV 91.9 MPH)
|
| Top of the 2nd over - 0 runs, 1 hit, 0 errors, 2 left on base; Bluefield 1 - Cleveland (APP) 0 |
| BOTTOM OF THE 2ND |
|
Cleveland (APP) Indians batting - Pitching for Bluefield Blue Jays : LHP Nick Burnstein
|
|
Batting: RHB Kevin Trull
|
0-0: Ball 1-0: SINGLE (Line Drive, 9S, EV 103.8 MPH)
|
|
Batting: RHB Joe Shade
|
0-0: Ball 1-0: Ball 2-0: Ball Passed Ball! Kevin Trull to second 3-0: Called Strike 3-1: Foul Ball, location: 2F 3-2: Strikes out swinging
|
|
Batting: RHB Justin Teague
|
0-0: Ball 1-0: Called Strike 1-1: Ground out 6-3 (Groundball, 6, EV 98.1 MPH)
|
|
Batting: RHB Tsega Haida
|
0-0: Ball 1-0: Swinging Strike 1-1: Ground out 6-3 (Groundball, 6, EV 81.2 MPH)
|
| Bottom of the 2nd over - 0 runs, 1 hit, 0 errors, 1 left on base; Bluefield 1 - Cleveland (APP) 0 |
| TOP OF THE 3RD |
|
Bluefield Blue Jays batting - Pitching for Cleveland (APP) Indians : RHP Jesus Montana
|
|
Batting: RHB John Hering
|
0-0: Ball 1-0: Called Strike 1-1: Fly out, F7 (Flyball, 7, EV 79.4 MPH)
|
|
Batting: RHB Stephen Casteel
|
0-0: Ball 1-0: Ball 2-0: Called Strike 2-1: Ball 3-1: Called Strike 3-2: Foul Ball, location: 2F 3-2: Base on Balls
|
|
Batting: RHB Bill Murray
|
0-0: Ball 1-0: Called Strike Stephen Casteel steals 2nd base (no throw) 1-1: 2-RUN HOME RUN (Flyball, 8LXD, EV 115.0 MPH), Distance : 452 ft
|
|
Batting: LHB Eric Toney
|
0-0: Ball 1-0: SOLO HOME RUN (Line Drive, 8RXD, EV 116.9 MPH), Distance : 459 ft
|
|
Batting: LHB Kurt Estep
|
0-0: Ball 1-0: Ball 2-0: Fly out, F3 (Line Drive, 34, EV 65.0 MPH)
|
|
Batting: SHB Dominik Hasek II
|
0-0: Ball 1-0: Ground out 4-3 (Groundball, 4, EV 86.2 MPH)
|
| Top of the 3rd over - 3 runs, 2 hits, 0 errors, 0 left on base; Bluefield 4 - Cleveland (APP) 0 |
| BOTTOM OF THE 3RD |
|
Cleveland (APP) Indians batting - Pitching for Bluefield Blue Jays : LHP Nick Burnstein
|
|
Batting: RHB Michael Powell
|
0-0: Foul Ball, location: 2F 0-1: Swinging Strike 0-2: Ball 1-2: Ground out 6-3 (Groundball, 6, EV 86.9 MPH)
|
|
Batting: RHB Jonathan Livingston
|
0-0: Ball 1-0: Ball 2-0: Foul Ball, location: 2F 2-1: Foul Ball, location: 2F 2-2: Hit by Pitch
|
|
Batting: RHB John Clark
|
0-0: Foul Ball, location: 2F 0-1: Ball 1-1: Ball 2-1: SINGLE (Groundball, 6MD, EV 110.0 MPH) (infield hit) Jonathan Livingston to second
|
|
Pinch Runner at 1st Santiago Chavira:
|
|
|
Batting: RHB Carlos Manriquez
|
0-0: Ball 1-0: Ball 2-0: SINGLE (Line Drive, 78M, EV 93.8 MPH) Jonathan Livingston to third Santiago Chavira to second Runner from 3rd tries for Home, throw by CF and OUT! 8-2 Santiago Chavira to third Carlos Manriquez to second
|
|
Batting: RHB Bill Ortiz
|
0-0: Called Strike 0-1: Ground out 6-3 (Groundball, 6, EV 104.4 MPH)
|
| Bottom of the 3rd over - 0 runs, 2 hits, 0 errors, 2 left on base; Bluefield 4 - Cleveland (APP) 0 |
| TOP OF THE 4TH |
|
Bluefield Blue Jays batting - Pitching for Cleveland (APP) Indians : RHP Jesus Montana
|
|
Now at 2B: Santiago Chavira
|
|
|
Batting: RHB Dan Muns
|
0-0: Ball 1-0: Fly out, F7 (Flyball, 78S, EV 80.0 MPH)
|
|
Batting: RHB Mike Johnson
|
0-0: Ball 1-0: Ball 2-0: Swinging Strike 2-1: Ball 3-1: Base on Balls
|
|
Pitching: RHP Luke Burnham
|
|
|
Batting: RHB Shunsuke Shiba Inu
|
0-0: Ball Mike Johnson steals 2nd base 1-0: Swinging Strike 1-1: Foul Ball, location: 2F 1-2: Foul Ball, location: 2F 1-2: Ball 2-2: Foul Ball, location: 2F 2-2: Ball 3-2: Base on Balls
|
|
Batting: RHB John Hering
|
0-0: Ball 1-0: Swinging Strike 1-1: Ball 2-1: Swinging Strike 2-2: Ball 3-2: Base on Balls Mike Johnson to third Shunsuke Shiba Inu to second
|
|
Batting: RHB Stephen Casteel
|
0-0: Called Strike 0-1: Fly out, F8 (Flyball, 8RS, EV 87.5 MPH)
|
|
Batting: RHB Bill Murray
|
0-0: Ball 1-0: Fielders Choice at 2nd, 5-4 (Groundball, 5, EV 103.1 MPH)
|
| Top of the 4th over - 0 runs, 0 hits, 0 errors, 3 left on base; Bluefield 4 - Cleveland (APP) 0 |
| BOTTOM OF THE 4TH |
|
Cleveland (APP) Indians batting - Pitching for Bluefield Blue Jays : LHP Nick Burnstein
|
|
Batting: RHB Kevin Trull
|
0-0: Called Strike 0-1: SINGLE (Groundball, 34D, EV 94.4 MPH)
|
|
Batting: RHB Joe Shade
|
0-0: Foul Ball, location: 2F 0-1: Swinging Strike 0-2: Ball 1-2: Foul Ball, location: 2F 1-2: Ball 2-2: Strikes out swinging
|
|
Batting: RHB Justin Teague
|
0-0: Foul Ball, location: 2F 0-1: Swinging Strike 0-2: Ball 1-2: Ball 2-2: Strikes out swinging
|
|
Batting: RHB Tsega Haida
|
0-0: Called Strike 0-1: Ball 1-1: Called Strike 1-2: Ball 2-2: Ground out 4-3 (Groundball, 4, EV 86.2 MPH)
|
| Bottom of the 4th over - 0 runs, 1 hit, 0 errors, 1 left on base; Bluefield 4 - Cleveland (APP) 0 |
| TOP OF THE 5TH |
|
Bluefield Blue Jays batting - Pitching for Cleveland (APP) Indians : RHP Luke Burnham
|
|
Batting: LHB Eric Toney
|
0-0: Ball 1-0: SOLO HOME RUN (Flyball, 9D, EV 100.0 MPH), Distance : 385 ft
|
|
Batting: LHB Kurt Estep
|
0-0: Ball 1-0: Ball 2-0: Called Strike 2-1: Foul Ball, location: 2F 2-2: Ball 3-2: Foul Ball, location: 2F 3-2: SINGLE (Groundball, 6D, EV 95.6 MPH)
|
|
Batting: SHB Dominik Hasek II
|
Pickoff Play to 1st, Runner tries for 2nd, OUT after rundown. 0-0: Foul Ball, location: 2F 0-1: SOLO HOME RUN (Flyball, 9D, EV 98.1 MPH), Distance : 381 ft
|
|
Batting: RHB Dan Muns
|
0-0: Ball 1-0: Ball 2-0: Ball 3-0: Called Strike 3-1: Base on Balls
|
|
Batting: RHB Mike Johnson
|
0-0: Ball Wild Pitch! Dan Muns to second 1-0: Ground out 5-3 (Groundball, 5S, EV 91.2 MPH)
|
|
Batting: RHB Shunsuke Shiba Inu
|
0-0: Ground out 6-3 (Groundball, 6, EV 88.1 MPH)
|
| Top of the 5th over - 2 runs, 3 hits, 0 errors, 1 left on base; Bluefield 6 - Cleveland (APP) 0 |
| BOTTOM OF THE 5TH |
|
Cleveland (APP) Indians batting - Pitching for Bluefield Blue Jays : LHP Nick Burnstein
|
|
Batting: RHB Michael Powell
|
0-0: Ground out 6-3 (Groundball, 56, EV 102.5 MPH)
|
|
Batting: RHB Jonathan Livingston
|
0-0: Called Strike 0-1: Foul Ball, location: 2F 0-2: Ball 1-2: Strikes out swinging
|
|
Batting: LHB Santiago Chavira
|
0-0: Ball 1-0: Ground out 6-3 (Groundball, 6, EV 79.4 MPH)
|
| Bottom of the 5th over - 0 runs, 0 hits, 0 errors, 0 left on base; Bluefield 6 - Cleveland (APP) 0 |
| TOP OF THE 6TH |
|
Bluefield Blue Jays batting - Pitching for Cleveland (APP) Indians : RHP Luke Burnham
|
|
Batting: RHB John Hering
|
0-0: Called Strike 0-1: Ball 1-1: Foul Ball, location: 2F 1-2: Ball 2-2: Foul Ball, location: 2F 2-2: Ball 3-2: Foul Ball, location: 2F 3-2: Base on Balls
|
|
Batting: RHB Stephen Casteel
|
0-0: Ball John Hering steals 2nd, throwing error, E2 John Hering to third 1-0: Called Strike 1-1: Ball Wild Pitch! John Hering scores 2-1: Foul Ball, location: 2F 2-2: Ball 3-2: SINGLE (Groundball, 4S, EV 69.4 MPH) (infield hit)
|
|
Batting: RHB Bill Murray
|
0-0: Called Strike 0-1: Ball Stephen Casteel steals 2nd base Balk! Stephen Casteel to third 1-1: Ball 2-1: Called Strike 2-2: Ball Wild Pitch! Stephen Casteel scores 3-2: Foul Ball, location: 2F 3-2: Foul Ball, location: 2F 3-2: Base on Balls
|
|
Batting: LHB Eric Toney
|
0-0: Ball Bill Murray steals 2nd base 1-0: Fly out, F7 (Flyball, 7D, EV 88.8 MPH) Runner from 2nd tags up, SAFE at 3rd, no throw by LF
|
|
Pitching: RHP Tom Bemis
|
|
|
Batting: LHB Kurt Estep
|
0-0: Swinging Strike 0-1: Foul Ball, location: 2F 0-2: Foul Ball, location: 2F 0-2: Ground out 4-3 (Groundball, 4, EV 109.4 MPH) Bill Murray scores
|
|
Batting: SHB Dominik Hasek II
|
0-0: Foul Ball, location: 2F 0-1: Ball 1-1: Called Strike 1-2: Fly out, F7 (Flyball, 7, EV 84.4 MPH)
|
| Top of the 6th over - 3 runs, 1 hit, 1 error, 0 left on base; Bluefield 9 - Cleveland (APP) 0 |
| BOTTOM OF THE 6TH |
|
Cleveland (APP) Indians batting - Pitching for Bluefield Blue Jays : LHP Nick Burnstein
|
|
Batting: RHB Carlos Manriquez
|
0-0: Called Strike 0-1: Ball 1-1: Ball 2-1: Foul Ball, location: 2F 2-2: Ground out 6-3 (Groundball, 6, EV 89.4 MPH)
|
|
Batting: RHB Bill Ortiz
|
0-0: DOUBLE (Line Drive, 9LM, EV 96.9 MPH)
|
|
Batting: RHB Kevin Trull
|
0-0: Ball 1-0: Called Strike 1-1: Foul Ball, location: 2F 1-2: Ball 2-2: Ball 3-2: SINGLE (Groundball, 4MD, EV 103.8 MPH) Bill Ortiz to third Runner from 3rd tries for Home, throw by CF and OUT! 8-2
|
|
Batting: RHB Joe Shade
|
0-0: Ball 1-0: Ball 2-0: Ball 3-0: Base on Balls Kevin Trull to second
|
|
Batting: RHB Justin Teague
|
0-0: Swinging Strike 0-1: Ball 1-1: Swinging Strike 1-2: Ball 2-2: Ball 3-2: Base on Balls Kevin Trull to third Joe Shade to second
|
|
Batting: RHB Tsega Haida
|
0-0: Ball 1-0: Hit by Pitch Kevin Trull scores Joe Shade to third Justin Teague to second
|
|
Batting: RHB Michael Powell
|
0-0: Ball 1-0: Ball 2-0: Foul Ball, location: 2F 2-1: Foul Ball, location: 2F 2-2: Ball 3-2: Base on Balls Joe Shade scores Justin Teague to third Tsega Haida to second
|
|
Pitching: RHP Gu Won
|
|
|
Batting: RHB Jonathan Livingston
|
0-0: Ball 1-0: Foul Ball, location: 2F 1-1: Ball 2-1: Foul Ball, location: 2F 2-2: Foul Ball, location: 2F 2-2: Fielders Choice at 2nd, 6-4 (Groundball, 6, EV 85.6 MPH)
|
| Bottom of the 6th over - 2 runs, 2 hits, 0 errors, 3 left on base; Bluefield 9 - Cleveland (APP) 2 |
| TOP OF THE 7TH |
|
Bluefield Blue Jays batting - Pitching for Cleveland (APP) Indians : RHP Tom Bemis
|
|
Batting: RHB Dan Muns
|
0-0: Ball 1-0: SINGLE (Line Drive, 7LM, EV 110.6 MPH)
|
|
Batting: RHB Mike Johnson
|
0-0: Ball 1-0: Ball Dan Muns steals 2nd, throwing error, E2 Dan Muns to third 2-0: Called Strike 2-1: Ball 3-1: Base on Balls
|
|
Batting: RHB Shunsuke Shiba Inu
|
0-0: Called Strike 0-1: Ball 1-1: Fly out, F9 (Flyball, 9D, EV 93.1 MPH)
|
|
Pinch Hitting: RHB David Cooper
|
Balk! Dan Muns scores Mike Johnson to second 0-0: Ball 1-0: Ball Wild Pitch! Mike Johnson to third 2-0: Fly out, F9 (Line Drive, 9S, EV 86.2 MPH)
|
|
Batting: RHB Stephen Casteel
|
Balk! Mike Johnson scores 0-0: Called Strike 0-1: Ball 1-1: Ball 2-1: Ball 3-1: Foul Ball, location: 2F 3-2: Base on Balls
|
|
Pinch Hitting: RHB Carlos Bravo
|
0-0: Swinging Strike 0-1: Ball 1-1: Ground out 4-3 (Groundball, 4, EV 81.2 MPH)
|
| Top of the 7th over - 2 runs, 1 hit, 1 error, 1 left on base; Bluefield 11 - Cleveland (APP) 2 |
| BOTTOM OF THE 7TH |
|
Cleveland (APP) Indians batting - Pitching for Bluefield Blue Jays : RHP Gu Won
|
|
Now at 1B: Braydon Pinsent
|
|
|
Now in LF: Carlos Bravo
|
|
|
Batting: LHB Santiago Chavira
|
0-0: Foul Ball, location: 2F 0-1: Swinging Strike 0-2: Ground out U3 (Groundball, 3, EV 94.4 MPH)
|
|
Batting: RHB Carlos Manriquez
|
0-0: Called Strike 0-1: Ball 1-1: Ball 2-1: Foul Ball, location: 2F 2-2: Ball 3-2: Foul Ball, location: 2F 3-2: Fly out, F9 (Flyball, 9, EV 83.1 MPH)
|
|
Batting: RHB Bill Ortiz
|
0-0: Ball 1-0: Ball 2-0: Ball 3-0: Called Strike 3-1: Foul Ball, location: 2F 3-2: Base on Balls
|
|
Batting: RHB Kevin Trull
|
0-0: Ground out 4-3 (Groundball, 4, EV 77.5 MPH)
|
| Bottom of the 7th over - 0 runs, 0 hits, 0 errors, 1 left on base; Bluefield 11 - Cleveland (APP) 2 |
| TOP OF THE 8TH |
|
Bluefield Blue Jays batting - Pitching for Cleveland (APP) Indians : RHP Tom Bemis
|
|
Batting: LHB Eric Toney
|
0-0: Ball 1-0: Ball 2-0: Foul Ball, location: 2F 2-1: Fly out, F8 (Flyball, 78D, EV 98.1 MPH)
|
|
Batting: LHB Kurt Estep
|
0-0: Ground out 6-3 (Groundball, 6MD, EV 88.8 MPH)
|
|
Batting: SHB Dominik Hasek II
|
0-0: Ball 1-0: Ball 2-0: Ball 3-0: Called Strike 3-1: Base on Balls
|
|
Batting: RHB Dan Muns
|
0-0: Called Strike Dominik Hasek II steals 2nd base 0-1: Ball 1-1: Foul Ball, location: 2F 1-2: Ball 2-2: Ball 3-2: Foul Ball, location: 2F 3-2: Foul Ball, location: 2F 3-2: SINGLE (Line Drive, 9S, EV 106.2 MPH) Dominik Hasek II to third
|
|
Batting: RHB Mike Johnson
|
0-0: Called Strike 0-1: Foul Ball, location: 2F 0-2: Foul Ball, location: 2F 0-2: Ball 1-2: Foul Ball, location: 2F 1-2: SINGLE (Line Drive, 89S, EV 106.9 MPH) Dominik Hasek II scores Dan Muns to second
|
|
Pitching: RHP Leo Candelas
|
|
|
Batting: RHB Shunsuke Shiba Inu
|
0-0: Ball 1-0: Ball 2-0: TRIPLE (Line Drive, 9LD, EV 110.6 MPH) Dan Muns scores Mike Johnson scores
|
|
Batting: RHB Braydon Pinsent
|
0-0: Called Strike 0-1: Ball 1-1: Ball 2-1: Ball 3-1: DOUBLE (Line Drive, 89D, EV 110.6 MPH) Shunsuke Shiba Inu scores
|
|
Batting: RHB Stephen Casteel
|
0-0: Called Strike 0-1: Ball 1-1: Ball 2-1: SINGLE (Line Drive, 34, EV 97.5 MPH) Braydon Pinsent to third Runner from 3rd tries for Home, throw by RF and OUT! 9-2
|
| Top of the 8th over - 4 runs, 5 hits, 0 errors, 1 left on base; Bluefield 15 - Cleveland (APP) 2 |
| BOTTOM OF THE 8TH |
|
Cleveland (APP) Indians batting - Pitching for Bluefield Blue Jays : RHP Gu Won
|
|
Batting: RHB Joe Shade
|
0-0: Ball 1-0: Ball 2-0: Ball 3-0: Base on Balls
|
|
Batting: RHB Justin Teague
|
0-0: Swinging Strike 0-1: Foul Ball, location: 2F 0-2: Ball 1-2: SINGLE (Flyball, 34D, EV 84.4 MPH) Joe Shade to second
|
|
Batting: RHB Tsega Haida
|
0-0: Ball 1-0: Ball 2-0: Called Strike 2-1: Foul Ball, location: 2F 2-2: Ball 3-2: Foul Ball, location: 2F 3-2: Base on Balls Joe Shade to third Justin Teague to second
|
|
Batting: RHB Michael Powell
|
0-0: Ball 1-0: Swinging Strike 1-1: Swinging Strike 1-2: Strikes out swinging
|
|
Pitching: LHP William Capuano
|
|
|
Batting: RHB Jonathan Livingston
|
0-0: Ball 1-0: Foul Ball, location: 2F 1-1: Swinging Strike 1-2: Strikes out swinging
|
|
Pinch Hitting: RHB Jose Argueta
|
0-0: Ball 1-0: Ball 2-0: Ball 3-0: Called Strike 3-1: Called Strike 3-2: Base on Balls Joe Shade scores Justin Teague to third Tsega Haida to second
|
|
Batting: RHB Carlos Manriquez
|
0-0: Ball 1-0: Reached on error, E6 (Groundball, 6, EV 105.6 MPH) Justin Teague scores Tsega Haida to third Jose Argueta to second
|
|
Batting: RHB Bill Ortiz
|
0-0: Foul Ball, location: 2F 0-1: Ball 1-1: Called Strike 1-2: Ball 2-2: Ball 3-2: Foul Ball, location: 2F 3-2: Fly out, F7 (Flyball, 7D, EV 96.2 MPH)
|
| Bottom of the 8th over - 2 runs, 1 hit, 1 error, 3 left on base; Bluefield 15 - Cleveland (APP) 4 |
| TOP OF THE 9TH |
|
Bluefield Blue Jays batting - Pitching for Cleveland (APP) Indians : RHP Leo Candelas
|
|
Now at 2B: Jose Argueta
|
|
|
Batting: RHB Carlos Bravo
|
0-0: Called Strike 0-1: DOUBLE (Flyball, 8LD, EV 104.4 MPH)
|
|
Batting: LHB Eric Toney
|
0-0: Called Strike 0-1: Foul Ball, location: 2F 0-2: Ball 1-2: Ground out 1-3 (Groundball, 13, EV 72.5 MPH) Carlos Bravo to third
|
|
Batting: LHB Kurt Estep
|
0-0: Ball 1-0: Called Strike 1-1: Foul Ball, location: 2F 1-2: Ball 2-2: Foul Ball, location: 2F 2-2: Foul Ball, location: 2F 2-2: Ball 3-2: Base on Balls
|
|
Batting: SHB Dominik Hasek II
|
0-0: Called Strike 0-1: Fly out, F8 (Flyball, 8LD, EV 81.2 MPH) Runner from 3rd tags up, SCORES, no throw by CF
|
|
Batting: RHB Dan Muns
|
0-0: Ball 1-0: Called Strike 1-1: Fielders Choice at 2nd, 6-4 (Groundball, 6, EV 102.5 MPH)
|
| Top of the 9th over - 1 run, 1 hit, 0 errors, 1 left on base; Bluefield 16 - Cleveland (APP) 4 |
| BOTTOM OF THE 9TH |
|
Cleveland (APP) Indians batting - Pitching for Bluefield Blue Jays : LHP William Capuano
|
|
Batting: RHB Kevin Trull
|
0-0: Ball 1-0: Ground out 6-3 (Groundball, 6, EV 103.1 MPH)
|
|
Batting: RHB Joe Shade
|
0-0: Called Strike 0-1: Swinging Strike 0-2: Strikes out swinging
|
|
Batting: RHB Justin Teague
|
0-0: Called Strike 0-1: Swinging Strike 0-2: Ground out 4-3 (Groundball, 4, EV 89.4 MPH)
|
| Bottom of the 9th over - 0 runs, 0 hits, 0 errors, 0 left on base; Bluefield 16 - Cleveland (APP) 4 |
|